 Dungeon Crawl Stone Soup version 0.31-a0-161-gb58dd9be76 (webtiles) character file.

Game seed: 2022213834678777463

13183 qw the Protected (level 12, 0/76 HPs)
             Began as a Gargoyle Fighter on June 12, 2023.
             Was an Initiate of Okawaru.
             Slain by Snorg (14 damage)
             ... on level 10 of the Dungeon.
             The game lasted 00:04:47 (9228 turns).

qw the Protected (Gargoyle Fighter)                 Turns: 9228, Time: 00:04:47

Health: 0/76       AC: 32    Str: 24    XL:     12   Next: 3%
Magic:  12/12      EV:  9    Int:  8    God:    Okawaru [......]
Gold:   545        SH:  4    Dex:  9    Spells: 11/11 levels left

rFire   . . .        Y - +0 broad axe
rCold   . . .        c - +0 buckler
rNeg    + . .        f - +6 chain mail of Terror {Rampage}
rPois   inf          (no helmet)
rElec   +            h - +0 cloak
rCorr   .            (no gloves)
SInv    .            v - +2 pair of boots
Will    +....        (no amulet) Stlth
                     a - +4 ring of slaying {mikee}
HPRegen 0.32/turn    x - ring of willpower
MPRegen 0.13/turn

%: rampage
@: about to teleport
A: sickness immunity, AC +8, negative energy resistance 1, electricity
resistance, torment resistance 1, petrification resistance, weak 1, MP-powered
wands
a: Renounce Religion


You were on level 10 of the Dungeon.
You worshipped Okawaru.
Okawaru was noncommittal.
You visited 2 branches of the dungeon, and saw 11 of its levels.
You also visited: Sewer.

You collected 599 gold pieces.
You spent 54 gold pieces at shops.


Innate Abilities, Weirdness & Mutations

You are immune to sickness and miasma.
Your stone body is resilient. (AC +8)
You are immune to poison.
You resist negative energy. (rN+)
You are resistant to electric shocks. (rElec)
You are resistant to unholy torment.
You are immune to petrification.
You are weak. (Str -2)
You expend magic power (3 MP) to strengthen your wands.


   Skills:
 - Level 9.1 Fighting
 + Level 11.7 Axes
 - Level 3.5 Throwing
 - Level 12.9 Armour
 - Level 2.3 Dodging
 - Level 5.0 Shields
 - Level 0.3 Invocations


You had 11 spell levels left.
You didn't know any spells.
Your spell library was empty.

Inventory:

Hand Weapons
 j - a +0 flail of holy wrath
 y - a +0 morningstar
 Y - a +0 broad axe (weapon)
Missiles
 k - 11 boomerangs (quivered)
Armour
 c - a +0 buckler (worn)
 f - the +6 chain mail of Terror (worn) {Rampage}
   (You acquired it on level 3 of the Dungeon)

   Rampage:   It bestows one free step when moving towards enemies.
 h - a +0 cloak (worn)
 v - a +2 pair of boots (worn)
 w - +0 acid dragon scales
Jewellery
 a - a +4 ring of slaying (left hand) {mikee}
 q - a +6 ring of dexterity
 t - an amulet of guardian spirit
 x - a ring of willpower (right hand)
Scrolls
 b - 3 scrolls of teleportation
 r - a scroll of identify
Potions
 d - a potion of might
 e - a potion of mutation
 g - a potion of heal wounds
 l - a potion of attraction
 m - a potion of berserk rage {unknown}
 s - a potion of ambrosia {unknown}
 u - a potion of haste
 z - a potion of lignification {unknown}
 A - a potion of magic {unknown}

Dungeon Overview and Level Annotations

Branches:
Dungeon (10/15)            Temple (1/1) D:4            Lair (0/5) D:9
  Sewer (visited)
    Orc: D:9-12

Altars:
Ashenzari
Cheibriados
Dithmenos
Elyvilon
Fedhas
Gozag
Hepliaklqana
Kikubaaqudgha
Makhleb
Nemelex Xobeh
Okawaru
Qazlal
Ru
Sif Muna
Trog
Uskayaw
Vehumet
Wu Jian
Xom
Yredelemnul
Zin
The Shining One

Shops:
D:4 [   D:9 :

Annotations:
D:5 2 runed translucent doors
D:10 Snorg


Message History

Snorg is moderately wounded.
Snorg bites you but does no damage. Snorg closely misses you.
Snorg claws you but does no damage.
You completely miss Snorg.
Snorg is moderately wounded.
Snorg goes berserk!
You slash Snorg!
Snorg is heavily wounded.
Snorg barely misses you. Snorg claws you but does no damage. Snorg claws you!
You slash Snorg!
Snorg is heavily wounded.
Snorg bites you but does no damage. Snorg closely misses you.
Snorg barely misses you. Snorg bites you. Snorg claws you.
Snorg claws you but does no damage.
You barely miss Snorg.
Snorg is heavily wounded.
Snorg barely misses you. Snorg claws you but does no damage. Snorg claws you.
You closely miss Snorg.
Snorg is heavily wounded.
Snorg barely misses you. Snorg claws you but does no damage. x2
Snorg bites you but does no damage. Snorg claws you but does no damage. x2
You slice Snorg!!
Snorg is severely wounded.
Snorg bites you! Snorg claws you! Snorg closely misses you.
You slash Snorg!
Snorg is severely wounded.
Snorg closely misses you. Snorg claws you but does no damage. x2
Snorg bites you. You block Snorg's attack. Snorg claws you but does no damage.
You closely miss Snorg.
Snorg is severely wounded.
Snorg bites you! Snorg barely misses you. Snorg claws you but does no damage.
You closely miss Snorg.
Snorg is severely wounded.
Snorg bites you but does no damage. Snorg claws you but does no damage. x2
Snorg bites you. Snorg barely misses you. x2
9228 ||| READING 4 scrolls of teleportation.
As you read the scroll of teleportation, it crumbles to dust.
You feel strangely unstable. Snorg bites you. Snorg claws you!
You die...

#........#### #.#
#.#.###.....# ##.##
#.#.# #.....###...##
#.#.###............###
#.#.....#####.........
#.........#...##.#####
#####.###.#.####.#
#...../...# #.#
#.#@###.### ##'#
#.#T###.# ##...##
#.#>.##.# ##.....##
###.......###.......##
#.......####.........#
#.##.......+.........'
#.###...####.......(.#
#.# #...# #.......##
#.# #.#.# ##.....##


You could see Snorg (berserk).

Vanquished Creatures
  A hydra (D:9)
  Erica (D:9)
  3 two-headed ogres
  Pikel (D:5)
  Joseph (D:7)
  Maggie (D:6)
  2 dream sheep (D:9)
  6 yaks (D:10)
  A wraith (D:9)
  2 wyverns
  2 steam dragons
  Edmund (D:5)
  2 water moccasins
  An ice beast (D:8)
  A sky beast (D:7)
  3 orc warriors
  5 boggarts (D:10)
  A centaur (D:9)
  2 lemures (D:5)
  12 kobold brigands
  3 bullfrogs (D:8)
  A gnoll sergeant (D:6)
  3 scorpions
  10 wights
  17 killer bees (D:9)
  2 howler monkeys (D:8)
  An electric eel (D:6)
  5 hounds
  2 jellies
  3 orc priests
  2 iguanas
  2 sleepcaps
  13 orc wizards
  7 gnolls (D:6)
  9 adders
  2 river rats (Sewer)
  A shadow imp (D:5)
  2 white imps
  2 ufetubi
  4 worms
  34 orcs
  15 endoplasms
  7 giant cockroaches
  6 goblins
  7 hobgoblins
  26 kobolds
  3 quokkas
  11 ball pythons
  4 bats
  9 frilled lizards
  8 rats
  A butterfly (D:6)
271 creatures vanquished.

Vanquished Creatures (others)
  An orc wizard (D:6)
1 creature vanquished.

Grand Total: 272 creatures vanquished

Notes
Turn   | Place    | Note
-------+----------+-------------------------------------------
     0 | D:1      | qw the Gargoyle Fighter began the quest for the Orb.
     0 | D:1      | Reached XP level 1. HP: 14/14 MP: 1/1
     0 | D:1      | 0 ||| qw: Version: 0.2-a-29-gc1b59c4
     0 | D:1      | 0 ||| qw: Game counter: 4231
     0 | D:1      | 0 ||| qw: Always use a shield: true
     0 | D:1      | 0 ||| qw: God list: Okawaru
     0 | D:1      | 0 ||| qw: Allow faded altars: false
     0 | D:1      | 0 ||| qw: Do Orc after D:15 true
     0 | D:1      | 0 ||| qw: Do second Lair branch before Depths: true
     0 | D:1      | 0 ||| qw: Lair rune preference: random
     0 | D:1      | 0 ||| qw: Plans: Normal, Zot:1-4, Slime:5, God:TSO, Crypt,
                  | Tomb, Abyss, Pan, Hells, Win
     0 | D:1      | 0 ||| PLANNING D:1-11
   146 | D:1      | Reached XP level 2. HP: 18/19 MP: 2/2
   347 | D:1      | 347 ||| READING scroll labelled ANUEMU ZO HEC.
   348 | D:1      | 348 ||| READING scroll labelled RIRCHI TADDOS.
   372 | D:1      | 372 ||| Stepping ~*~*~tactically~*~*~ (stealth).
   432 | D:1      | 432 ||| DROPPING +0 club.
   576 | D:1      | Reached skill level 3 in Axes
   640 | D:1      | 640 ||| Stepping ~*~*~tactically~*~*~ (hiding).
   699 | D:1      | 699 ||| Stepping ~*~*~tactically~*~*~ (stealth).
   726 | D:1      | 726 ||| Stepping ~*~*~tactically~*~*~ (stealth).
   733 | D:1      | Reached XP level 3. HP: 23/23 MP: 3/3
   789 | D:2      | 789 ||| STAIRDANCE
   856 | D:2      | 856 ||| Stepping ~*~*~tactically~*~*~ (stealth).
   898 | D:2      | 898 ||| Stepping ~*~*~tactically~*~*~ (stealth).
  1015 | D:2      | 1015 ||| Stepping ~*~*~tactically~*~*~ (stealth).
  1263 | D:2      | Reached XP level 4. HP: 28/28 MP: 4/4
  1354 | D:2      | 1354 ||| UPGRADING to +0 chain mail.
  1364 | D:2      | 1364 ||| DROPPING +0 scale mail.
  1365 | D:2      | 1365 ||| READING scroll labelled WOOTRI HUM VOE.
  1368 | D:2      | 1368 ||| READING scroll labelled DYEFONIHOY.
  1369 | D:2      | 1369 ||| READING scroll labelled ICIPSE DOROE.
  1370 | D:2      | 1370 ||| READING scroll labelled ESCHOE WIYTUQ.
  1371 | D:2      | 1371 ||| READING scroll labelled AVENUH PUED.
  1608 | D:3      | 1608 ||| Stepping ~*~*~tactically~*~*~ (stealth).
  1609 | D:3      | 1609 ||| Stepping ~*~*~tactically~*~*~ (stealth).
  1610 | D:3      | 1610 ||| Stepping ~*~*~tactically~*~*~ (stealth).
  1696 | D:3      | 1696 ||| DROPPING +0 whip.
  2053 | D:3      | 2053 ||| UPGRADING to +4 ring of slaying {mikee}.
  2054 | D:3      | 2054 ||| READING scroll labelled ODIREOGHYG.
  2054 | D:3      | Identified a scroll of acquirement
  2054 | D:3      | 2054 ||| ACQUIRING +6 chain mail of Terror {Rampage}
  2054 | D:3      | Acquired the +6 chain mail of Terror {Rampage}
  2056 | D:3      | 2056 ||| UPGRADING to +6 chain mail of Terror {Rampage}.
  2066 | D:3      | 2066 ||| DROPPING +0 chain mail.
  2067 | D:3      | 2067 ||| DRINKING 2 bubbling emerald potions.
  2139 | D:4      | 2139 ||| PLANNING SEWER
  2223 | D:4      | Found a glowing drain.
  2249 | Sewer    | Entered a sewer
  2283 | Sewer    | Noticed a kobold brigand
  2301 | Sewer    | Killed a kobold brigand
  2302 | Sewer    | Reached XP level 5. HP: 21/32 MP: 5/5
  2456 | Sewer    | Noticed a kobold brigand
  2457 | Sewer    | 2457 ||| Stepping ~*~*~tactically~*~*~ (hiding).
  2472 | Sewer    | Killed a kobold brigand
  2473 | Sewer    | Reached XP level 6. HP: 33/39 MP: 6/6
  2622 | Sewer    | 2622 ||| Stepping ~*~*~tactically~*~*~ (water).
  2690 | Sewer    | 2690 ||| Stepping ~*~*~tactically~*~*~ (water).
  2697 | Sewer    | Reached skill level 6 in Axes
  2697 | Sewer    | Reached XP level 7. HP: 43/44 MP: 7/7
  2752 | Sewer    | Reached skill level 1 in Dodging
  2767 | Sewer    | 2767 ||| Stepping ~*~*~tactically~*~*~ (water).
  2814 | Sewer    | 2814 ||| Stepping ~*~*~tactically~*~*~ (water).
  2895 | D:4      | 2895 ||| PLANNING D:1-11
  2975 | D:4      | Found Quplef Toug's Armour Shoppe.
  2989 | D:4      | 2989 ||| BUYING +0 cloak (54 gold).
  2989 | D:4      | Bought a +0 cloak for 54 gold pieces
  3053 | D:4      | 3053 ||| Stepping ~*~*~tactically~*~*~ (stealth).
  3061 | D:4      | 3061 ||| Stepping ~*~*~tactically~*~*~ (stealth).
  3099 | D:4      | 3099 ||| DROPPING +0 mace.
  3149 | D:4      | Found a staircase to the Ecumenical Temple.
  3150 | D:4      | 3150 ||| PLANNING TEMPLE
  3150 | D:4      | 3150 ||| UPGRADING to +0 cloak.
  3164 | Temple   | Entered the Ecumenical Temple
  3291 | Temple   | 3291 ||| PLANNING D:1-11
  3507 | D:4      | 3507 ||| Stepping ~*~*~tactically~*~*~ (stealth).
  3509 | D:4      | 3509 ||| Stepping ~*~*~tactically~*~*~ (stealth).
  3640 | D:4      | 3640 ||| Stepping ~*~*~tactically~*~*~ (stealth).
  3657 | D:4      | Identified the +0 leather armour of the Marlin {*Corrode
                  | rN+ SInv Stlth+}
  3791 | D:5      | Entered Level 5 of the Dungeon
  3792 | D:5      | 3792 ||| Stepping ~*~*~tactically~*~*~ (hiding).
  3793 | D:5      | 3793 ||| Stepping ~*~*~tactically~*~*~ (hiding).
  3794 | D:5      | 3794 ||| Stepping ~*~*~tactically~*~*~ (hiding).
  3832 | D:5      | 3832 ||| Stepping ~*~*~tactically~*~*~ (hiding).
  3833 | D:5      | 3833 ||| Stepping ~*~*~tactically~*~*~ (hiding).
  3834 | D:5      | 3834 ||| Stepping ~*~*~tactically~*~*~ (hiding).
  3835 | D:5      | 3835 ||| Stepping ~*~*~tactically~*~*~ (hiding).
  3837 | D:5      | 3837 ||| Stepping ~*~*~tactically~*~*~ (hiding).
  3898 | D:5      | Found a runed translucent door.
  3900 | D:5      | Found a runed translucent door.
  3900 | D:5      | Noticed a vampire mosquito
  3901 | D:5      | Noticed a vampire mosquito
  3951 | D:5      | Reached skill level 1 in Throwing
  4104 | D:5      | Noticed a +0 hand axe
  4104 | D:5      | Noticed a +0 dagger
  4106 | D:5      | Found a hide-covered altar of Uskayaw.
  4107 | D:5      | 4107 ||| UPGRADING to +6 ring of dexterity.
  4108 | D:5      | 4108 ||| READING scroll labelled XOPLUT TOREJ.
  4110 | D:5      | 4110 ||| Stepping ~*~*~tactically~*~*~ (hiding).
  4112 | D:5      | Reached XP level 8. HP: 49/49 MP: 8/8
  4130 | D:5      | Noticed Pikel
  4148 | D:5      | Killed Pikel
  4280 | D:5      | 4280 ||| Stepping ~*~*~tactically~*~*~ (hiding).
  4322 | D:5      | Reached skill level 6 in Fighting
  4352 | D:5      | Found a basalt altar of Yredelemnul.
  4353 | D:5      | Noticed Edmund
  4357 | D:5      | Killed Edmund
  4707 | D:5      | 4707 ||| UPGRADING to +0 pair of boots.
  4712 | D:5      | 4712 ||| READING scroll labelled NIGOSIN NOIGURUL.
  4713 | D:5      | 4713 ||| READING scroll labelled HUAD PAKUOJ.
  4757 | D:5      | 4757 ||| Stepping ~*~*~tactically~*~*~ (stealth).
  4758 | D:5      | 4758 ||| Stepping ~*~*~tactically~*~*~ (stealth).
  4796 | D:6      | 4796 ||| Stepping ~*~*~tactically~*~*~ (stealth).
  4803 | D:6      | Reached XP level 9. HP: 55/55 MP: 9/9
  4815 | D:6      | 4815 ||| Stepping ~*~*~tactically~*~*~ (stealth).
  4817 | D:6      | 4817 ||| Stepping ~*~*~tactically~*~*~ (stealth).
  4819 | D:6      | 4819 ||| Stepping ~*~*~tactically~*~*~ (stealth).
  4855 | D:6      | Reached skill level 4 in Armour
  4865 | D:6      | Found a shimmering altar of Xom.
  4956 | D:6      | Reached skill level 9 in Axes
  5151 | D:6      | Noticed Maggie
  5160 | D:6      | Killed Maggie
  5281 | D:6      | 5281 ||| READING scroll labelled ENKATHR ZEDDEC.
  5282 | D:6      | 5282 ||| DRINKING 3 viscous green potions.
  5283 | D:6      | 5283 ||| DRINKING 2 fuming cyan potions.
  5283 | D:6      | Gained mutation: You expend magic power (3 MP) to
                  | strengthen your wands. [potion of mutation]
  5283 | D:6      | Gained mutation: Your movements are slightly less
                  | encumbered by armour. (ER -2) [potion of mutation]
  5283 | D:6      | Gained mutation: You sometimes lose your temper in combat.
                  | [potion of mutation]
  5283 | D:6      | Gained mutation: You have large cloven feet. [potion of
                  | mutation]
  5284 | D:6      | 5284 ||| DRINKING potion of mutation.
  5284 | D:6      | Lost mutation: Your movements are slightly less encumbered
                  | by armour. (ER -2) [potion of mutation]
  5284 | D:6      | Lost mutation: You sometimes lose your temper in combat.
                  | [potion of mutation]
  5284 | D:6      | Lost mutation: You have large cloven feet. [potion of
                  | mutation]
  5284 | D:6      | Gained mutation: You are weak. (Str -2) [potion of
                  | mutation]
  5285 | D:6      | 5285 ||| READING 2 scrolls of identify.
  5285 | D:6      | 5285 ||| IDENTIFYING fizzy pink potion
  5286 | D:6      | 5286 ||| DRINKING potion of experience.
  5286 | D:6      | Reached skill level 12 in Armour
  5286 | D:6      | Reached XP level 10. HP: 63/63 MP: 10/10
  5287 | D:6      | 5287 ||| DROPPING 2 potions of invisibility.
  5312 | D:7      | 5312 ||| PLANNING OSSUARY
  5320 | D:7      | 5320 ||| Stepping ~*~*~tactically~*~*~ (stealth).
  5322 | D:7      | 5322 ||| Stepping ~*~*~tactically~*~*~ (stealth).
  5345 | D:7      | 5345 ||| Stepping ~*~*~tactically~*~*~ (hiding).
  5347 | D:7      | 5347 ||| Stepping ~*~*~tactically~*~*~ (hiding).
  5479 | D:7      | 5479 ||| Stepping ~*~*~tactically~*~*~ (hiding).
  5495 | D:7      | 5495 ||| FLEEEEING.
  5549 | D:7      | 5549 ||| Stepping ~*~*~tactically~*~*~ (stealth).
  5555 | D:7      | 5555 ||| Stepping ~*~*~tactically~*~*~ (stealth).
  5561 | D:7      | 5561 ||| Stepping ~*~*~tactically~*~*~ (hiding).
  5563 | D:7      | 5563 ||| Stepping ~*~*~tactically~*~*~ (hiding).
  5564 | D:7      | 5564 ||| Stepping ~*~*~tactically~*~*~ (hiding).
  5566 | D:7      | 5566 ||| Stepping ~*~*~tactically~*~*~ (hiding).
  5695 | D:7      | 5695 ||| Stepping ~*~*~tactically~*~*~ (hiding).
  5697 | D:7      | 5697 ||| Stepping ~*~*~tactically~*~*~ (hiding).
  5699 | D:7      | 5699 ||| Stepping ~*~*~tactically~*~*~ (hiding).
  5700 | D:7      | 5700 ||| Stepping ~*~*~tactically~*~*~ (hiding).
  5701 | D:7      | 5701 ||| Stepping ~*~*~tactically~*~*~ (hiding).
  5703 | D:7      | 5703 ||| Stepping ~*~*~tactically~*~*~ (hiding).
  5736 | D:7      | 5736 ||| Stepping ~*~*~tactically~*~*~ (stealth).
  5740 | D:7      | 5740 ||| Stepping ~*~*~tactically~*~*~ (hiding).
  5933 | D:7      | Noticed Joseph
  5946 | D:7      | 5946 ||| RIP OSSUARY
  5947 | D:7      | 5947 ||| PLANNING D:1-11
  5947 | D:7      | Killed Joseph
  6638 | D:8      | 6638 ||| Stepping ~*~*~tactically~*~*~ (cloud).
  6639 | D:8      | 6639 ||| Stepping ~*~*~tactically~*~*~ (cloud).
  6645 | D:8      | 6645 ||| Stepping ~*~*~tactically~*~*~ (cloud).
  6700 | D:8      | Reached XP level 11. HP: 57/67 MP: 11/11
  6972 | D:8      | Found a white marble altar of Elyvilon.
  7153 | D:8      | 7153 ||| READING scroll of brand weapon.
  7153 | D:8      | 7153 ||| BRANDING +1 war axe of electrocution.
  7154 | D:8      | 7154 ||| UPGRADING to amulet of guardian spirit.
  7159 | D:8      | 7159 ||| DRINKING 2 sedimented orange potions.
  7160 | D:8      | 7160 ||| READING 2 scrolls of identify.
  7160 | D:8      | 7160 ||| IDENTIFYING yellow potion
  7191 | D:9      | 7191 ||| Stepping ~*~*~tactically~*~*~ (stealth).
  7229 | D:9      | Noticed Erica
  7235 | D:9      | Killed Erica
  7358 | D:9      | 7358 ||| Stepping ~*~*~tactically~*~*~ (hiding).
  7360 | D:9      | 7360 ||| Stepping ~*~*~tactically~*~*~ (hiding).
  7394 | D:9      | 7394 ||| Stepping ~*~*~tactically~*~*~ (stealth).
  7395 | D:9      | 7395 ||| Stepping ~*~*~tactically~*~*~ (stealth).
  7491 | D:9      | 7491 ||| FLEEEEING.
  7492 | D:9      | 7492 ||| FLEEEEING.
  7493 | D:9      | 7493 ||| FLEEEEING.
  7494 | D:9      | 7494 ||| FLEEEEING.
  7495 | D:9      | 7495 ||| FLEEEEING.
  7496 | D:9      | 7496 ||| FLEEEEING.
  7497 | D:9      | 7497 ||| FLEEEEING.
  7524 | D:9      | 7524 ||| DROPPING +2 flail of protection.
  7591 | D:9      | Noticed a two-headed ogre
  7598 | D:9      | Killed a two-headed ogre
  7664 | D:9      | 7664 ||| SWAPPING to +0 broad axe.
  7670 | D:9      | 7670 ||| DROPPING +1 heavy war axe.
  7903 | D:9      | 7903 ||| Stepping ~*~*~tactically~*~*~ (hiding).
  7904 | D:9      | 7904 ||| Stepping ~*~*~tactically~*~*~ (hiding).
  7948 | D:9      | Noticed a two-headed hydra
  7950 | D:9      | 7950 ||| SWAPPING to +0 morningstar.
  7959 | D:9      | Killed a two-headed hydra
  7960 | D:9      | Reached skill level 3 in Throwing
  7960 | D:9      | 7960 ||| SWAPPING to +0 broad axe.
  8073 | D:9      | Found a staircase to the Lair.
  8098 | D:9      | Found Munoomn's Tremendous Tomes.
  8116 | D:9      | 8116 ||| UPGRADING to +2 pair of boots.
  8126 | D:9      | 8126 ||| DROPPING +0 pair of boots.
  8127 | D:9      | 8127 ||| UPGRADING to ring of willpower.
  8129 | D:9      | 8129 ||| READING scroll labelled PUDWAPN RISE.
  8156 | D:10     | Entered Level 10 of the Dungeon
  8159 | D:10     | 8159 ||| Stepping ~*~*~tactically~*~*~ (stealth).
  8162 | D:10     | 8162 ||| Stepping ~*~*~tactically~*~*~ (hiding).
  8180 | D:10     | 8180 ||| STAIRDANCE
  8182 | D:9      | 8182 ||| DRINKING potion of curing.
  8182 | D:9      | 8182 ||| (to cure confusion)
  8262 | D:10     | Noticed a two-headed ogre
  8270 | D:10     | Killed a two-headed ogre
  8271 | D:10     | Reached skill level 9 in Fighting
  8362 | D:10     | Found an iron altar of Okawaru.
  8363 | D:10     | 8363 ||| PLANNING OKAWARU WORSHIP
  8402 | D:10     | Became a worshipper of Warmaster Okawaru
  8402 | D:10     | 8402 ||| PLANNING D:1-11
  8403 | D:10     | 8403 ||| REMOVING amulet of guardian spirit.
  8467 | D:10     | Noticed a two-headed ogre
  8473 | D:10     | Killed a two-headed ogre
  8550 | D:10     | Reached * piety under Okawaru
  8626 | D:10     | Identified the +3 ring mail "Duesigh" {rN+ Slay+2}
  8649 | D:10     | 8649 ||| INVOKING Heroism.
  8655 | D:10     | Reached XP level 12. HP: 76/76 MP: 9/12
  8660 | D:10     | 8660 ||| INVOKING Heroism.
  8905 | D:10     | Noticed Snorg
  8915 | D:10     | HP: 18/76 [Snorg (7)]
  8916 | D:10     | 8916 ||| READING 5 scrolls of teleportation.
  8917 | D:10     | 8917 ||| DRINKING 3 potions of heal wounds.
  8918 | D:10     | 8918 ||| DRINKING 2 potions of heal wounds.
  9206 | D:10     | 9206 ||| Stepping ~*~*~tactically~*~*~ (stealth).
  9207 | D:10     | 9207 ||| Stepping ~*~*~tactically~*~*~ (stealth).
  9212 | D:10     | 9212 ||| Stepping ~*~*~tactically~*~*~ (stealth).
  9227 | D:10     | HP: 19/76 [Snorg (2)]
  9228 | D:10     | 9228 ||| READING 4 scrolls of teleportation.
  9228 | D:10     | Slain by Snorg

Levels and vault maps discovered:
D:1:      wander_arrival_lonely_grave, layout_basic, hangedman_glass_teeth,
          st_stairs_9, minmay_tetromino_t2
D:2:      layout_rooms
D:3:      layout_basic, dreamdust_mushroom_princess
D:4:      minmay_octagon_keep, layout_rooms, minmay_temple_entry_nine_rooms,
          serial_shops, shop, gup_sewer_entry_pipe
D:5:      lemuel_insect_pit, layout_basic, mainiacjoe_overflow_brackets,
          dancing_weapons_uskayaw, kennysheep_small_spiral, uniq_pikel,
          uniq_edmund
D:6:      layout_loops_ring, xom_butterflies, nicolae_lava_and_water,
          uniq_maggie
D:7:      layout_gridville, enter_ossuary_2, uniq_joseph
D:8:      layout_rooms, elyvilon_altar_4
D:9:      layout_basic, dpeg_oklobed_lair, minmay_misc_feat_room,
          nicolae_shop_i_like_big_books, hangedman_ranch, uniq_erica
D:10:     layout_loops_corners, mainiacjoe_overflow_chevrons, uniq_snorg
Temple:   minmay_crystal_spiral_temple

Skill      XL: |  1  2  3  4  5  6  7  8  9 10 11 |
---------------+----------------------------------+-----
Axes           | 2 3 5 6 7 8 9 10 11 | 11.7
Fighting       | 4 5 6 7 9 |  9.1
Dodging        | 1 2 |  2.3
Throwing       | 1 2 3 |  3.5
Armour         | 12 | 12.9
Shields        | 4 5 |  5.0
Invocations    | |  0.3

Action                     |  1- 3 |  4- 6 |  7- 9 | 10-12 || total
---------------------------+-------+-------+-------+-------++-------
  Melee: War axe           |   112 |   121 |   180 |   178 ||   591
         Broad axe         |       |       |       |   139 ||   139
         Morningstar       |       |       |       |     9 ||     9
  Throw: Boomerang         |       |       |    33 |    42 ||    75
         Javelin           |       |       |     7 |    22 ||    29
 Invoke: Heroism           |       |       |       |     2 ||     2
    Use: Scroll            |     2 |     6 |     5 |     5 ||    18
         Potion            |       |     1 |     4 |     4 ||     9
 Armour: Scale mail        |    55 |       |       |       ||    55
         Chain mail        |       |    57 |    97 |   245 ||   399
  Dodge: Dodged            |    53 |    28 |    68 |   124 ||   273
  Block: Buckler           |    22 |    13 |    32 |    70 ||   137

Table legend:
 A = Non-vault XP
 B = Vault XP
 C = Vault XP percentage of total XP
 D = Non-vault monster count
 E = Vault monster count
 F = Vault count percentage of total count
                 A         B        C        D         E       F
            +---------+---------+-------+---------+---------+-------
      Total |   10481 |    4997 |  32.3 |     214 |      55 |  20.4
            +---------+---------+-------+---------+---------+-------
        D:1 |      35 |       1 |   2.8 |      22 |       1 |   4.3
        D:2 |      46 |       0 |   0.0 |      21 |       0 |   0.0
        D:3 |      27 |       0 |   0.0 |      11 |       0 |   0.0
        D:4 |      98 |     160 |  62.0 |      15 |      15 |  50.0
        D:5 |     486 |     810 |  62.5 |      18 |       2 |  10.0
        D:6 |     653 |     415 |  38.9 |      21 |       1 |   4.5
        D:7 |    1189 |     450 |  27.5 |      31 |       1 |   3.1
        D:8 |    1275 |       0 |   0.0 |      26 |       0 |   0.0
        D:9 |    2909 |    2473 |  45.9 |      30 |       7 |  18.9
       D:10 |    3763 |       0 |   0.0 |      19 |       0 |   0.0
      Sewer |       0 |     688 | 100.0 |       0 |      28 | 100.0
            +---------+---------+-------+---------+---------+-------
